 Dungeon Crawl Stone Soup version 0.32-a0-473-gd044c6f0f0 (webtiles) character file.

Game seed: 3437887427766561634

434 Aldia the Sneak (level 7, 0/38 HPs)
             Began as a Vine Stalker Brigand on Feb 25, 2024.
             Slain by Pikel
             ... wielding a +0 whip of flaming
              (2 damage)
             ... on level 4 of the Dungeon.
             The game lasted 00:05:15 (2335 turns).

Aldia the Sneak (Vine Stalker Brigand)              Turns: 2335, Time: 00:05:15

Health: 0/38       AC:  5    Str: 13    XL:     7   Next: 0%
Magic:  0/8        EV: 14    Int: 11    God:
Gold:   232        SH:  0    Dex: 24    Spells: 5/6 levels left

rFire   . . .        f - +2 whip (venom)
rCold   . . .        (no shield)
rNeg    . . .        r - +0 leather armour
rPois   .            q - +0 helmet
rElec   .            c - +0 cloak
rCorr   .            (no gloves)
SInv    .            (no boots)
Will    .....        (no amulet)
Stlth   +++          o - +6 ring of dexterity
HPRegen 1.06/turn    (no ring)
MPRegen 0.11/turn

%: guardian spirit
@: no status effects
A: fangs 2, regeneration 1, magic shield, antimagic bite, no potion heal 2
a: no special abilities


You were on level 4 of the Dungeon.
You visited 1 branch of the dungeon, and saw 4 of its levels.

You collected 232 gold pieces.

Inventory:

Hand Weapons
 a - a +2 dagger
 f - a +2 whip of venom (weapon)
Missiles
 d - 23 poisoned darts (quivered)
 e - 2 curare-tipped darts
 t - a throwing net
Armour
 b - a +0 robe
 c - a +0 cloak (worn)
 q - a +0 helmet (worn)
 r - a +0 leather armour (worn)
Jewellery
 o - a +6 ring of dexterity (left hand)
Scrolls
 g - 2 scrolls of fear {unknown}
 j - 3 scrolls of butterflies {unknown}
 k - a scroll of brand weapon {unknown}
 l - a scroll of amnesia {unknown}
 p - a scroll of immolation {unknown}
 s - a scroll of identify {unknown}
Potions
 h - a potion of cancellation {unknown}
 i - a potion of might {unknown}
 m - a potion of heal wounds {unknown}
 n - a potion of curing {unknown}


   Skills:
 + Level 4.6 Fighting
 - Level 2.1 Short Blades
 - Level 1.0 Maces & Flails
 - Level 1.7 Throwing
 + Level 3.8 Dodging
 - Level 5.0 Stealth


You had 5 spell levels left.
You knew the following spells:

 Your Spells              Type           Power      Damage    Failure   Level
a - Apportation           Tloc           0%         N/A       41%         1

Your spell library contained the following spells:

 Spells                   Type           Power      Damage    Failure   Level
 Ensorcelled Hibernation  Hex/Ice        0%         N/A       56%         2
 Jinxbite                 Hex            0%         N/A       56%         2
 Passwall                 Erth           0%         N/A       80%         3
 Swiftness                Air            0%         N/A       80%         3
 Alistair's Intoxication  Alch           0%         N/A       100%        5


Dungeon Overview and Level Annotations

Branches:
Dungeon (4/15)
 Temple: D:4-7

Altars:
Gozag
Vehumet
Yredelemnul

Annotations:
D:4 Pikel


Innate Abilities, Weirdness & Mutations

You have extremely sharp teeth.
Your natural rate of healing is unusually fast.
When hurt, damage is shared between your health and your magic reserves.
Your bite disrupts and absorbs the magic of your enemies.
Potions cannot restore your health.


Message History

Pikel closely misses you.
You hit Pikel but do no damage.
Pikel looks as sick as possible!
You bite Pikel, but do no damage.
Pikel says, "Don't tell anyone, but I think Ereshkigal likes me."
Pikel closely misses you.
You hit Pikel but do no damage. You bite Pikel, but do no damage.
Pikel is lightly wounded.
Pikel hits you with a +0 whip of flaming!
Pikel burns you.
You are too injured to fight recklessly!
You are too injured to fight recklessly!
You are too injured to fight recklessly!
You are too injured to fight recklessly!
You hit Pikel but do no damage. You bite Pikel, but do no damage.
Pikel is moderately wounded.
Pikel hits you with a +0 whip of flaming.
Pikel burns you.
You hit Pikel but do no damage.
Pikel looks as sick as possible!
Pikel is moderately wounded.
Pikel hits you with a +0 whip of flaming.
Pikel burns you.
You closely miss Pikel.
Pikel is moderately wounded.
Pikel hits you with a +0 whip of flaming!
* * * LOW HITPOINT WARNING * * *
Pikel burns you.
* * * LOW HITPOINT WARNING * * *
You closely miss Pikel.
Pikel is moderately wounded.
Pikel hits you with a +0 whip of flaming.
* * * LOW HITPOINT WARNING * * *
Pikel burns you.
* * * LOW HITPOINT WARNING * * *
You closely miss Pikel. Your bite misses Pikel.
Pikel is moderately wounded.
Pikel hits you with a +0 whip of flaming.
* * * LOW HITPOINT WARNING * * *
Pikel burns you.
You die...
Pikel says, "See you in Hell!"

##...##.#.........###.#.)
#..##..#.........###.<..
#..###[###.......#...##.
####ß#.#ß#..............
#.....#.......#...#..
#.._..#.......#.....#
#.....#####...#....#
####### ##......## #
#.#@# #.......##
###.#.#K# ####......
........## ####..#
.........#########......
.......#................
.......#......†..##.....
.......#........########
.....>.#........#
.......#........#


You could see Pikel (extremely poisoned).

Vanquished Creatures
  A phantom (D:4)
  4 lemures (D:4)
  A hound (D:4)
  An orc priest (D:3)
  An iguana (D:4)
  A scorpion zombie (D:3)
  3 hound skeletons (D:3)
  3 gnolls (D:3)
  8 adders
  3 adder zombies (D:3)
  A ribbon worm (D:2)
  2 dart slugs (D:3)
  5 orcs (D:3)
  6 endoplasms
  4 giant cockroaches
  10 goblins
  8 hobgoblins
  2 quokkas
  9 ball pythons
  A ball python skeleton (D:3)
  3 bats
  2 frilled lizards
  A jackal skeleton (D:3)
  8 kobolds
  5 rats
93 creatures vanquished.

Notes
Turn   | Place    | Note
-------+----------+-------------------------------------------
     0 | D:1      | Aldia the Vine Stalker Brigand began the quest for the Orb.
     0 | D:1      | Reached XP level 1. HP: 11/11 MP: 2/2
    39 | D:1      | Reached skill level 1 in Dodging
    39 | D:1      | Reached XP level 2. HP: 14/15 MP: 0/3
   264 | D:1      | Reached skill level 5 in Stealth
   435 | D:1      | Learned a level 1 spell: Apportation
   619 | D:2      | Found a radiant altar of Vehumet.
   642 | D:2      | Found a faded altar of an unknown god.
   776 | D:2      | Reached skill level 1 in Maces & Flails
   776 | D:2      | Reached XP level 3. HP: 18/18 MP: 4/4
   890 | D:2      | Reached XP level 4. HP: 22/23 MP: 5/5
  1368 | D:3      | Reached XP level 5. HP: 27/28 MP: 3/6
  1506 | D:3      | Reached XP level 6. HP: 10/33 MP: 3/7
  1646 | D:3      | Found an opulent altar of Gozag.
  2212 | D:4      | Reached XP level 7. HP: 38/38 MP: 8/8
  2234 | D:4      | Found a basalt altar of Yredelemnul.
  2291 | D:4      | Noticed Pikel
  2335 | D:4      | Slain by Pikel

Illustrated notes

Levels and vault maps discovered:
D:1:      minmay_arrival_stair_chambers, layout_basic
D:2:      layout_rooms, basic_altar, ebering_ecumenical_altar_rust,
          minmay_snake_closets
D:3:      minmay_evil_eye, layout_rooms, mainiacjoe_overflow_paths,
          serial_undead, serial_undead_b, serial_undead_c, serial_undead_e,
          serial_undead_d, serial_undead_c, serial_undead_c, serial_undead_c,
          serial_undead_b, serial_undead_e, serial_undead_d,
          hangedman_decor_points, st_stairs_13, amcnicky_mini_pool_small
D:4:      layout_rooms, mainiacjoe_overflow_alcove_2, grunt_ministairs_15,
          minmay_fractal_squares_5, uniq_grinder, uniq_pikel

Skill      XL: |  1  2  3  4  5  6 |
---------------+-------------------+-----
Short Blades   | 2 |  2.1
Dodging        | 1 2 3 |  3.8
Stealth        | 5 |  5.0
Fighting       | 2 3 4 |  4.6
Maces & Flails | 1 |  1.0
Throwing       | |  1.7

Action                     |  1- 3 |  4- 6 |  7- 9 || total
---------------------------+-------+-------+-------++-------
  Melee: Dagger            |    18 |       |       ||    18
         Bite              |    12 |    69 |    18 ||    99
         Whip              |    47 |   184 |    45 ||   276
  Throw: Dart              |       |     5 |       ||     5
   Stab: Sleeping          |     8 |     6 |     3 ||    17
         Distracted        |       |     2 |       ||     2
 Armour: Robe              |    34 |    80 |       ||   114
         Leather armour    |       |    49 |    24 ||    73
  Dodge: Dodged            |    36 |   155 |    19 ||   210

Table legend: (Time is in decaauts)
 A = Elapsed time spent in this place.
 B = Non-inter-level travel time spent in this place.
 C = Inter-level travel time spent in this place.
 D = Time resting spent in this place.
 E = Time spent auto-exploring this place.
 F = Levels seen in this place.
 G = Mean time per level.
                   A        B        C        D        E       F      G
               +--------+--------+--------+--------+--------+-----+--------+
         Total |   2345 |   2236 |    109 |      0 |   1552 |   4 |  586.2 |
       Dungeon |   2345 |   2236 |    109 |      0 |   1552 |   4 |  586.2 |
               +--------+--------+--------+--------+--------+-----+--------+

Top non-repeatable levels by time:
     D:3: 762 daAuts
     D:2: 735 daAuts
     D:1: 535 daAuts
     D:4: 312 daAuts
